 Dungeon Crawl Stone Soup version 0.32-a0-699-g1ee5eff69a (webtiles) character file.

Game seed: 1301982856116499000

178 BeKind the Chiller (level 5, 0/31 HPs)
             Began as an Octopode Ice Elementalist on Mar 13, 2024.
             Slain by an ogre
             ... wielding a +0 giant spiked club
              (31 damage)
             ... on level 4 of the Dungeon.
             The game lasted 00:04:58 (2468 turns).

BeKind the Chiller (Octopode Ice Elementalist)      Turns: 2468, Time: 00:04:58

Health: 0/31       AC:  8    Str:  7    XL:     5   Next: 58%
Magic:  3/9        EV: 12    Int: 20    God:
Gold:   111        SH:  4    Dex: 12    Spells: 3/10 levels left

rFire   . . .        p - +2 dagger (protect)
rCold   . . .        k - +0 buckler
rNeg    . . .        (helmet restricted)
rPois   .            (no amulet)
rElec   .            (no ring)
rCorr   .            (no ring)
SInv    .            (no ring)
Will    .....        (no ring)
Stlth   +++          (no ring)
HPRegen 0.25/turn    (no ring)
MPRegen 0.11/turn    (no ring)
                     (no ring)

%: no passive effects
@: under a protective aura, very slightly contaminated
A: almost no armour, amphibious, 8 rings, camouflage 1, gelatinous body 1,
(nimble swimmer 1), tentacles
a: no special abilities


You were on level 4 of the Dungeon.
You visited 1 branch of the dungeon, and saw 4 of its levels.

You collected 111 gold pieces.

Inventory:

Hand Weapons
 g - a +0 dagger
 p - a +2 dagger of protection (weapon)
Missiles
 o - a throwing net
Armour
 k - a +0 buckler (worn)
Scrolls
 c - a scroll of poison {unknown}
 d - 3 scrolls of identify {unknown}
 e - a scroll of noise {unknown}
 f - 2 scrolls of fear {unknown}
 h - a scroll of fog {unknown}
 i - a scroll of blinking {unknown}
 j - a scroll of teleportation {unknown}
 q - a scroll of vulnerability {unknown}
Potions
 a - a potion of magic
 b - 4 potions of haste {unknown}
 l - a potion of might {unknown}
 m - a potion of ambrosia {unknown}
 n - 2 potions of mutation {unknown}


   Skills:
 + Level 3.2 Dodging
 - Level 2.6 Stealth
 * Level 2.4 Shields
 + Level 3.0 Spellcasting
 + Level 4.7 Ice Magic


You had 3 spell levels left.
You knew the following spells:

 Your Spells              Type           Power      Damage    Failure   Level
a - Freeze                Ice            88%        1d9       3%          1
b - Summon Ice Beast      Ice/Summ       12%        N/A       26%         3
c - Frozen Ramparts       Ice            44%        1d7       10%         3

Your spell library contained the following spells:

 Spells                   Type           Power      Damage    Failure   Level
 Ozocubu's Armour         Ice            22%        N/A       10%         3
 Ensorcelled Hibernation  Hex/Ice        24%        N/A       13%         2
 Gell's Gravitas          Tloc           3%         N/A       56%         3
 Passwall                 Erth           3%         N/A       56%         3
 Swiftness                Air            3%         N/A       56%         3
 Teleport Other           Tloc           3%         N/A       56%         3
 Dispersal                Tloc           1%         N/A       100%        6


Dungeon Overview and Level Annotations

Branches:
Dungeon (4/15)
 Temple: D:4-7

Altars:
Okawaru
Ru

Shops:
D:2 *

Annotations:
D:4 3 runed translucent doors, runemasterragnar's ghost, novice CoAr


Innate Abilities, Weirdness & Mutations

You cannot wear most types of armour.
You are amphibious.
You can wear up to eight rings at the same time.
Your skin changes colour to match your surroundings (Stealth+).
Your rubbery body absorbs attacks. (AC +1, EV +1)
((You are camouflaged when in or above water. (Stealth+)))
You have tentacles for arms and can constrict up to eight enemies at once.


Message History

You can't see any susceptible monsters within range! (Use Z to cast anyway.)
You open the door.
An adder comes into view.
Found a sacrificial altar of Ru.
An adder is nearby!
There is an open door here.
You freeze the adder!
The adder hisses angrily.
The adder is severely wounded.
The adder seems to slow down.
The adder completely misses you.
You freeze the adder.
The adder is almost dead.
The adder seems to slow down.
The adder barely misses you.
You freeze the adder!
You kill the adder!
You can't see any susceptible monsters within range! (Use Z to cast anyway.)
There is a sacrificial altar of Ru here.
You open the door.
There is an open door here.
An ogre comes into view. It is wielding a +0 giant spiked club.
An ogre is nearby!
Casting: Freeze (safe; 3% risk of failure)
Confirm with . or Enter, or press ? or * to list all spells.
A chill wind blows around you.
The ogre shouts!
Casting: Summon Ice Beast (quite dangerous; 26% risk of failure)
Confirm with . or Enter, or press ? or * to list all spells.
Casting: Frozen Ramparts (quite dangerous; 10% risk of failure)
Press: ? - help, Dir - look around, f - activate You miscast Frozen Ramparts.
You are very lightly contaminated with residual magic.
Nothing appears to happen.
Your ice beast hits the ogre.
Your ice beast freezes the ogre.
Unknown command.
You hit the ogre.
Your weapon exudes an aura of protection.
The ogre is moderately wounded.
The ogre hits you with a +0 giant spiked club!!
Ouch! That really hurt!
You die...

#. #.##.#######.#
#.##.##.##.....#
#)...##.##.####.#
###..##..........
#....#####.######
#.#.######.###### ###
#.#.##...........
#..Y##.#.##.###.####..
#.O@#.....# #.# #..
#...##.#....###.# #..
##. #.#.....##.####..
# #................
####.....#........
#.......##........
.##.####..##...#....
#.##.# ##.....#.#...
#.##.# #..#.#._.#..


You could see an ogre (ally target) and a friendly ice beast (summoned).

Vanquished Creatures
  2 adders
  A shadow imp (D:4)
  A ribbon worm (D:4)
  2 dart slugs
  An orc (D:3)
  5 ball pythons
  3 bats
  9 endoplasms
  4 giant cockroaches (D:1)
  5 goblins
  4 hobgoblins
  5 kobolds
  3 quokkas
  3 frilled lizards (D:1)
  4 rats
52 creatures vanquished.

Vanquished Creatures (collateral kills)
  A scorpion (D:4)
  A bombardier beetle (D:4)
2 creatures vanquished.

Grand Total: 54 creatures vanquished

Notes
Turn   | Place    | Note
-------+----------+-------------------------------------------
     0 | D:1      | BeKind the Octopode Ice Elementalist began the quest for
                  | the Orb.
     0 | D:1      | Reached XP level 1. HP: 11/11 MP: 3/3
   118 | D:1      | Reached XP level 2. HP: 17/17 MP: 3/5
   364 | D:1      | You fall into a shaft and drop 1 floor!
   764 | D:1      | Reached XP level 3. HP: 21/21 MP: 6/6
   950 | D:2      | Found Wateadob's Assorted Antiques.
  1210 | D:2      | Learned a level 3 spell: Summon Ice Beast
  1666 | D:3      | Reached skill level 1 in Shields
  1709 | D:3      | Reached XP level 4. HP: 27/27 MP: 7/7
  1713 | D:3      | Learned a level 3 spell: Frozen Ramparts
  1831 | D:4      | Found an iron altar of Okawaru.
  1850 | D:4      | Found a runed translucent gate.
  1850 | D:4      | Found a runed translucent gate.
  1851 | D:4      | Found a runed translucent gate.
  1852 | D:4      | Noticed runemasterragnar's ghost (novice CoAr)
  2142 | D:4      | Noticed a scorpion
  2149 | D:4      | Killed a scorpion
  2150 | D:4      | Reached XP level 5. HP: 31/31 MP: 5/9
  2395 | D:4      | Found a sacrificial altar of Ru.
  2465 | D:4      | Noticed an ogre
  2468 | D:4      | Slain by an ogre

Illustrated notes

Levels and vault maps discovered:
D:1:      saegor_arrival_simple_a, layout_loops_cross
D:2:      layout_rooms, serial_shops, nicolae_shop_advertising_works
          [nicolae_subvault_shop_adworks], minivault_25, minivault_25,
          serial_bayou_pond_d
D:3:      layout_rooms, grunt_temple_overflow_champion_of_chaos
D:4:      layout_loops_ring, okawaru_metal_pillars_3,
          mainiacjoe_overflow_surrounded_room, gammafunk_ghost_split,
          chequers_serial_rivers_marsh

Skill      XL: |  1  2  3  4 |
---------------+-------------+-----
Shields        | 1 2 |  2.4
Dodging        | 3 |  3.2
Spellcasting   | 3 |  3.0
Stealth        | |  2.6
Ice Magic      | |  4.7

Action                     |  1- 3 |  4- 6 || total
---------------------------+-------+-------++-------
  Melee: Unarmed           |    13 |       ||    13
         Constrict         |    10 |     6 ||    16
         Dagger            |    34 |    25 ||    59
         Tentacles         |     9 |     7 ||    16
   Cast: Freeze            |    34 |     4 ||    38
         Summon Ice Beast  |       |     6 ||     6
   Stab: Sleeping          |     7 |     1 ||     8
 Armour: Skin              |    15 |    10 ||    25
  Dodge: Dodged            |    42 |    16 ||    58

Table legend: (Time is in decaauts)
 A = Elapsed time spent in this place.
 B = Non-inter-level travel time spent in this place.
 C = Inter-level travel time spent in this place.
 D = Time resting spent in this place.
 E = Time spent auto-exploring this place.
 F = Levels seen in this place.
 G = Mean time per level.
                   A        B        C        D        E       F      G
               +--------+--------+--------+--------+--------+-----+--------+
         Total |   2467 |   2363 |    104 |      0 |   1956 |   4 |  616.8 |
       Dungeon |   2467 |   2363 |    104 |      0 |   1956 |   4 |  616.8 |
               +--------+--------+--------+--------+--------+-----+--------+

Top non-repeatable levels by time:
     D:1: 909 daAuts
     D:4: 734 daAuts
     D:2: 667 daAuts
     D:3: 155 daAuts
